 Dungeon Crawl Stone Soup version 0.26-a0-851-g735459dd53 (webtiles) character file.

Game seed: 11087373127318838346

7238 ANON1729 the Magician (level 11, -2/84 HPs)
             Began as a Gnoll Warper on Nov 21, 2020.
             Was a Believer of Fedhas.
             Slain by Nergalle
             ... wielding a +0 dagger
              (3 damage)
             ... on level 10 of the Dungeon.
             The game lasted 00:14:34 (13682 turns).

ANON1729 the Magician (Gnoll Warper)               Turns: 13682, Time: 00:14:35

Health: -2/84      AC:  5    Str: 15    XL:     11   Next: 12%
Magic:  22/22      EV: 15    Int: 24    God:    Fedhas [**....]
Gold:   394        SH:  5    Dex: 14    Spells: 10/25 levels left

rFire    . . .     SeeInvis .   t - +4 quarterstaff (chaos)
rCold    . . .     Faith    .   (shield currently unavailable)
rNeg     . . .     Spirit   .   b - +0 leather armour
rPois    .         Reflect  +   (no helmet)
rElec    .         Harm     .   u - +1 cloak
rCorr    .         Rampage  .   (no gloves)
MR       .....                  (no boots)
Stlth    ++++......             s - amulet of reflection
HPRegen  0.24/turn              E - ring of stealth
MPRegen  0.18/turn              r - +6 ring of intelligence

@: heavily drained
A: distributed training, fangs 1, strong nose
a: Wall of Briars, Renounce Religion


You were on level 10 of the Dungeon.
You worshipped Fedhas.
Fedhas was pleased with you.
You visited 2 branches of the dungeon, and saw 11 of its levels.

You collected 394 gold pieces.

Inventory:

Hand Weapons
 p - a +1 short sword of protection
 q - a +1 falchion of holy wrath
 t - a +4 quarterstaff of chaos (weapon)
 J - a +2 scimitar of flaming
Missiles
 e - 5 boomerangs of dispersal
 m - 66 poisoned darts (quivered)
 w - 7 boomerangs
Armour
 b - a +0 leather armour (worn)
 u - a +1 cloak (worn)
Magical Staves
 n - an uncursed staff of earth {unknown}
Jewellery
 r - a +6 ring of intelligence (right hand)
 s - an amulet of reflection (around neck)
 E - a ring of stealth (left hand)
 F - an uncursed ring of stealth
 L - an uncursed amulet of the acrobat {unknown}
Wands
 d - a wand of random effects (7)
 y - a wand of paralysis (18)
 D - a wand of acid (20)
Scrolls
 a - 4 scrolls of identify
 c - a scroll of immolation {unknown}
 g - a scroll of magic mapping
 h - 5 scrolls of remove curse
 i - 8 scrolls of teleportation
 j - 3 scrolls of fear {unknown}
 C - a scroll of fog {unknown}
 H - a scroll of holy word {unknown}
 I - 4 scrolls of blinking
Potions
 f - 3 potions of heal wounds {unknown}
 k - 4 potions of might {unknown}
 l - 8 potions of curing {unknown}
 o - a potion of degeneration {unknown}
 v - 2 potions of cancellation {unknown}
 x - 2 potions of brilliance {unknown}
 z - a potion of magic {unknown}
 A - a potion of lignification {unknown}
 B - 2 potions of berserk rage {unknown}
 G - a potion of mutation {unknown}
 K - a potion of flight {unknown}


   Skills:
 + Level 7.6(6.0) Fighting
 + Level 6.0(4.5) Short Blades
 + Level 6.0(4.5) Long Blades
 + Level 6.0(4.5) Axes
 + Level 6.0(4.5) Maces & Flails
 + Level 7.6(6.0) Polearms
 + Level 6.0(4.5) Staves
 + Level 6.0(4.5) Slings
 + Level 6.0(4.5) Bows
 + Level 6.0(4.5) Crossbows
 + Level 6.6(5.0) Throwing
 + Level 6.6(5.0) Armour
 + Level 7.6(6.0) Dodging
 + Level 6.0(4.5) Stealth
 + Level 6.0(4.5) Shields
 + Level 6.0(4.5) Unarmed Combat
 + Level 7.9(6.3) Spellcasting
 + Level 4.9(3.5) Conjurations
 + Level 4.9(3.5) Hexes
 + Level 4.9(3.5) Summonings
 + Level 4.9(3.5) Necromancy
 + Level 7.5(5.9) Translocations
 + Level 4.9(3.5) Transmutations
 + Level 4.9(3.5) Fire Magic
 + Level 4.9(3.5) Ice Magic
 + Level 4.9(3.5) Air Magic
 + Level 4.9(3.5) Earth Magic
 + Level 4.9(3.5) Poison Magic
 + Level 6.5(5.0) Invocations
 + Level 6.0(4.5) Evocations


You had 10 spell levels left.
You knew the following spells:

 Your Spells              Type           Power        Failure   Level
a - Blink                 Tloc           N/A          1%          2
b - Gell's Gravitas       Tloc           #####.....   2%          3
c - Teleport Other        Tloc           #####...     2%          3
d - Passage of Golubria   Tloc           N/A          8%          4
e - Lesser Beckoning      Tloc           #####.....   2%          3

Your spell library contained the following spells:

 Spells                   Type           Power        Failure   Level
 Corona                   Hex            ###....      2%          1
 Magic Dart               Conj           ###.         2%          1
 Call Imp                 Summ           ###.....     3%          2
 Corpse Rot               Necr/Air       N/A          3%          2
 Slow                     Hex            ###.....     3%          2
 Sublimation of Blood     Necr           ###.......   3%          2
 Portal Projectile        Hex/Tloc       ####..       3%          3
 Conjure Flame            Conj/Fire      ###.....     6%          3
 Inner Flame              Hex/Fire       ###.....     6%          3
 Mephitic Cloud           Conj/Pois/Air  ###.....     6%          3
 Cause Fear               Hex            ###.......   22%         4
 Dispel Undead            Necr           ###.....     22%         4
 Leda's Liquefaction      Hex/Erth       ###.......   22%         4
 Agony                    Necr           ###.....     52%         5
 Excruciating Wounds      Necr           ###.......   52%         5


Dungeon Overview and Level Annotations

Branches:
Dungeon (10/15)            Temple (1/1) D:6            Lair (0/6) D:8
    Orc (0/2) D:10

Altars:
Ashenzari
Cheibriados
Dithmenos
Elyvilon
Fedhas
Gozag
Hepliaklqana
Kikubaaqudgha
Makhleb
Nemelex Xobeh
Okawaru
Qazlal
Ru
Sif Muna
Trog
Uskayaw
Vehumet
Wu Jian
Xom
Yredelemnul
Zin
The Shining One

Shops:
D:7 }   D:8 (

Annotations:
D:10 Nergalle


Innate Abilities, Weirdness & Mutations

Your experience applies equally to all skills.
You have very sharp teeth.
Your uncanny sense of smell can sniff out nearby items.


Message History

The spectral orc warrior hits you with a +0 dire flail.
* * * LOW HITPOINT WARNING * * *
You hit Nergalle but do no damage.
Nergalle is severely wounded.
Nergalle hits you but does no damage. The spectral orc warlord misses you. x2
The spectral orc warrior hits you with a +0 flail.
* * * LOW HITPOINT WARNING * * *
The spectral orc knight hits you but does no damage.
You block the spectral orc warrior's attack.
The spectral orc warrior hits you with a +0 long sword.
* * * LOW HITPOINT WARNING * * *
The spectral orc warrior hits you but does no damage.
You closely miss Nergalle. You bite Nergalle, but do no damage.
Nergalle is severely wounded.
Nergalle points at you and mumbles some strange words.
Orcish apparitions take form around you.
You block the spectral orc warlord's attack.
Nergalle hits you with a +0 dagger.
You die...
Fedhas appreciates your contribution to the ecosystem.

....+.........#
....#.........#.
....#.........#.
...(#.........#. .#
....#.........#. ..#
....#........<#.######..#
....#.........#ZZ...>...#
..).#####....##ZZoZ.....#
.).)....#....#.Z@ZZ.....#
........#....#.ZZZZ.....#
........'....#...Z......#
........#....#(.........#
........#....#..........#
........#....#..........#
........#....#..........#
........#....#..........#
........#....#..........#


You could see Nergalle (fast, agile), 2 spectral orcs, 6 spectral orc warriors,
3 spectral orc knights and 2 spectral orc warlords.

Vanquished Creatures
  Erica (D:8)
  A faun (D:6)
  Maurice (D:8)
  Maggie (D:8)
  A komodo dragon (D:8)
  A troll (D:9)
  Grinder (D:5)
  A wyvern (D:8)
  Eustachio (D:6)
  10 yaks (D:9)
  An acid dragon (D:7)
  An orc warrior (D:7)
  4 ice beasts
  A sky beast (D:8)
  3 phantoms
  3 ogres
  A centaur (D:9)
  4 bullfrogs
  5 scorpions
  A water moccasin skeleton (D:7)
  4 wights
  2 howler monkeys
  2 bullfrog zombies
  3 hounds
  6 jellies
  2 bullfrog skeletons
  2 orc priests
  8 orc wizards
  Crazy Yiuf (D:2)
  4 iguanas
  2 worker ants
  A hound skeleton (D:6)
  2 worker ant zombies
  10 adders
  A shadow imp (D:8)
  3 white imps
  2 ufetubi (D:7)
  2 oozes
  3 worms (D:2)
  A dart slug (D:1)
  6 leopard geckos
  28 orcs
  3 ball pythons
  4 giant cockroaches
  6 goblins
  7 hobgoblins
  7 jackals (D:4)
  14 kobolds
  3 quokkas
  4 bats
  6 frilled lizards
  A jackal skeleton (D:5)
  3 quokka skeletons
  14 rats
210 creatures vanquished.

Vanquished Creatures (collateral kills)
  An orc (D:10)
1 creature vanquished.

Vanquished Creatures (others)
  4 plants (D:8)
4 creatures vanquished.

Grand Total: 215 creatures vanquished

Notes
Turn   | Place    | Note
-------+----------+-------------------------------------------
     0 | D:1      | ANON1729 the Gnoll Warper began the quest for the Orb.
     0 | D:1      | Reached XP level 1. HP: 20/20 MP: 6/6
    94 | D:1      | Reached XP level 2. HP: 26/26 MP: 7/7
   251 | D:1      | Reached XP level 3. HP: 23/31 MP: 9/9
   405 | D:1      | Reached skill level 5 in Spellcasting
   645 | D:2      | Reached skill level 1 in Invocations
   953 | D:2      | Found a runed translucent door.
   954 | D:2      | Noticed Crazy Yiuf
  1061 | D:2      | Reached skill level 1 in Short Blades
  1061 | D:2      | Reached skill level 1 in Long Blades
  1061 | D:2      | Reached skill level 1 in Axes
  1061 | D:2      | Reached skill level 1 in Maces & Flails
  1061 | D:2      | Reached skill level 1 in Staves
  1061 | D:2      | Reached skill level 1 in Slings
  1061 | D:2      | Reached skill level 1 in Bows
  1061 | D:2      | Reached skill level 1 in Crossbows
  1061 | D:2      | Reached skill level 1 in Stealth
  1061 | D:2      | Reached skill level 1 in Shields
  1061 | D:2      | Reached skill level 1 in Unarmed Combat
  1061 | D:2      | Reached skill level 1 in Evocations
  1141 | D:2      | Reached XP level 4. HP: 38/38 MP: 11/11
  1620 | D:2      | Reached skill level 1 in Conjurations
  1620 | D:2      | Reached skill level 1 in Hexes
  1620 | D:2      | Reached skill level 1 in Summonings
  1620 | D:2      | Reached skill level 1 in Necromancy
  1620 | D:2      | Reached skill level 1 in Transmutations
  1620 | D:2      | Reached skill level 1 in Fire Magic
  1620 | D:2      | Reached skill level 1 in Ice Magic
  1620 | D:2      | Reached skill level 1 in Air Magic
  1620 | D:2      | Reached skill level 1 in Earth Magic
  1620 | D:2      | Reached skill level 1 in Poison Magic
  2401 | D:2      | Reached XP level 5. HP: 31/43 MP: 12/12
  2590 | D:2      | Found an ornate altar of the Wu Jian Council.
  2984 | D:2      | Killed Crazy Yiuf
  3585 | D:3      | Found a shadowy altar of Dithmenos.
  4080 | D:3      | Found an opulent altar of Gozag.
  4126 | D:4      | Reached XP level 6. HP: 46/50 MP: 13/13
  4129 | D:4      | Learned a level 2 spell: Blink
  4133 | D:4      | Learned a level 3 spell: Gell's Gravitas
  4137 | D:4      | Learned a level 3 spell: Teleport Other
  4142 | D:4      | Learned a level 4 spell: Passage of Golubria
  4146 | D:4      | Learned a level 3 spell: Lesser Beckoning
  4494 | D:4      | Reached skill level 5 in Fighting
  4494 | D:4      | Reached skill level 5 in Polearms
  4494 | D:4      | Reached skill level 5 in Dodging
  4549 | D:5      | Entered Level 5 of the Dungeon
  4722 | D:5      | HP: 1/51 [acid (8)]
  4725 | D:5      | Reached XP level 7. HP: 1/56 MP: 15/15
  5060 | D:5      | Noticed Grinder
  5072 | D:5      | Paralysed by Grinder for 5 turns
  5084 | D:5      | Killed Grinder
  5597 | D:5      | Found a blossoming altar of Fedhas.
  5616 | D:5      | Noticed an oklob plant
  5624 | D:5      | Became a worshipper of Fedhas Madash
  6067 | D:5      | Reached XP level 8. HP: 52/63 MP: 16/16
  6169 | D:6      | Found a basalt altar of Yredelemnul.
  6250 | D:6      | Noticed Eustachio
  6263 | D:6      | Killed Eustachio
  6827 | D:6      | Found a staircase to the Ecumenical Temple.
  7018 | Temple   | Entered the Ecumenical Temple
  7260 | D:6      | Reached * piety under Fedhas
  7418 | D:7      | Noticed a two-headed ogre
  7658 | D:6      | Noticed a faun
  7658 | D:6      | a two-headed ogre changed into a faun
  7667 | D:6      | Killed a faun
  7668 | D:6      | Reached XP level 9. HP: 12/69 MP: 18/18
  8084 | D:7      | Reached skill level 5 in Throwing
  8084 | D:7      | Reached skill level 5 in Armour
  8211 | D:7      | HP: 2/69 [orc priest/divine providence (12)]
  8487 | D:7      | Found a bloodstained altar of Trog.
  8546 | D:7      | Found Soupt's Gadget Boutique.
  8941 | D:8      | Reached skill level 5 in Invocations
  9034 | D:8      | Found a staircase to the Lair.
  9035 | D:8      | Noticed a komodo dragon
  9074 | D:8      | Killed a komodo dragon
  9389 | D:8      | Found Noitroj's Antique Weapon Shoppe.
  9471 | D:8      | Reached XP level 10. HP: 77/77 MP: 20/20
  9526 | D:8      | Noticed Maggie
  9560 | D:8      | Killed Maggie
  9561 | D:8      | Reached skill level 5 in Short Blades
  9561 | D:8      | Reached skill level 5 in Long Blades
  9561 | D:8      | Reached skill level 5 in Axes
  9561 | D:8      | Reached skill level 5 in Maces & Flails
  9561 | D:8      | Reached skill level 5 in Staves
  9561 | D:8      | Reached skill level 5 in Slings
  9561 | D:8      | Reached skill level 5 in Bows
  9561 | D:8      | Reached skill level 5 in Crossbows
  9561 | D:8      | Reached skill level 5 in Stealth
  9561 | D:8      | Reached skill level 5 in Shields
  9561 | D:8      | Reached skill level 5 in Unarmed Combat
  9561 | D:8      | Reached skill level 5 in Evocations
  9561 | D:8      | Noticed Maurice
  9567 | D:8      | Killed Maurice
  9920 | D:8      | Noticed Erica
  9931 | D:8      | Killed Erica
 10424 | D:9      | Reached ** piety under Fedhas
 10687 | D:9      | Found a white marble altar of Elyvilon.
 10693 | D:9      | Found a glowing silver altar of Zin.
 10695 | D:9      | Found a hide-covered altar of Uskayaw.
 12509 | D:9      | Reached XP level 11. HP: 72/84 MP: 22/22
 12992 | D:10     | Entered Level 10 of the Dungeon
 13583 | D:10     | Found a staircase to the Orcish Mines.
 13663 | D:10     | Noticed Nergalle
 13678 | D:10     | Noticed a spectral orc warlord
 13678 | D:10     | Noticed a spectral orc warlord
 13681 | D:10     | HP: 2/84 [spectral orc warrior/+0 flail[Nergalle] (6)]
 13682 | D:10     | Slain by Nergalle

Illustrated notes

Levels and vault maps discovered:
D:1:      lemuel_arrival_behind_the_door_large, layout_rooms
D:2:      layout_basic, lemuel_crystal_altar, st_stairs_9,
          uniq_crazy_yiuf_cottage
D:3:      wander_river, layout_basic, nicolae_dithmenos_through_a_glass_darkly,
          nicolae_overflow_hidden_temple, chequers_serial_rivers_large_b
D:4:      layout_rooms
D:5:      layout_loops_ring, tgw_fedhas, uniq_grinder
D:6:      layout_rooms, yredelemnul_altar_generic,
          minmay_temple_entry_enclosed_plants, uniq_eustachio
D:7:      layout_rooms, basic_altar, serial_shops, nicolae_shop_behind_doors
D:8:      layout_loops_corners, david_lair_shrubbed, serial_shops,
          nicolae_shop_stone, serial_park_tiny_1, uniq_maggie, uniq_maurice,
          uniq_erica
D:9:      layout_gridville, minitemple
D:10:     layout_stronghold, orc_0_dummy, eino_house_with_fridge, uniq_nergalle
Temple:   regret_index_temple_generic_petals

Skill      XL: |  1  2  3  4  5  6  7  8  9 10 11 |
---------------+----------------------------------+-----
Spellcasting   | 5 6 7 |  7.9
Invocations    | 1 2 3 4 5 6 |  6.5
Short Blades   | 1 2 4 5 6 |  6.0
Long Blades    | 1 2 4 5 6 |  6.0
Axes           | 1 2 4 5 6 |  6.0
Maces & Flails | 1 2 4 5 6 |  6.0
Staves         | 1 2 4 5 6 |  6.0
Slings         | 1 2 4 5 6 |  6.0
Bows           | 1 2 4 5 6 |  6.0
Crossbows      | 1 2 4 5 6 |  6.0
Stealth        | 1 2 4 5 6 |  6.0
Shields        | 1 2 4 5 6 |  6.0
Unarmed Combat | 1 2 4 5 6 |  6.0
Evocations     | 1 2 4 5 6 |  6.0
Conjurations   | 1 2 3 4 |  4.9
Hexes          | 1 2 3 4 |  4.9
Summonings     | 1 2 3 4 |  4.9
Necromancy     | 1 2 3 4 |  4.9
Transmutations | 1 2 3 4 |  4.9
Fire Magic     | 1 2 3 4 |  4.9
Ice Magic      | 1 2 3 4 |  4.9
Air Magic      | 1 2 3 4 |  4.9
Earth Magic    | 1 2 3 4 |  4.9
Poison Magic   | 1 2 3 4 |  4.9
Throwing       | 3 4 5 6 |  6.6
Armour         | 3 4 5 6 |  6.6
Fighting       | 5 6 7 |  7.6
Polearms       | 5 6 7 |  7.6
Dodging        | 5 6 7 |  7.6
Translocations | 6 7 |  7.5

Action                   |  1- 3 |  4- 6 |  7- 9 | 10-12 || total
-------------------------+-------+-------+-------+-------++-------
Melee: Spear             |   111 |    74 |       |       ||   185
       Bite              |     8 |    26 |    22 |    17 ||    73
       Short sword       |       |    37 |       |       ||    37
       Quarterstaff      |       |   120 |   207 |   235 ||   562
       Falchion          |       |     7 |       |       ||     7
Throw: Dart              |       |       |     6 |     7 ||    13
Evoke: Wand              |       |     1 |    10 |     6 ||    17
  Use: Scroll            |       |     4 |     1 |       ||     5
 Stab: Sleeping          |       |     2 |    10 |    10 ||    22
       Paralysed         |       |     1 |     7 |       ||     8
       Confused          |       |       |       |     1 ||     1
Armor: Leather armour    |    10 |    46 |    35 |    63 ||   154
Dodge: Dodged            |    58 |   140 |   111 |   185 ||   494
Block: Other             |       |    28 |    33 |    67 ||   128
       Reflection        |       |     2 |       |       ||     2
       Rpst.: Falchion   |       |     3 |       |       ||     3

Table legend: (Time is in decaauts)
 A = Elapsed time spent in this place.
 B = Non-inter-level travel time spent in this place.
 C = Inter-level travel time spent in this place.
 D = Time resting spent in this place.
 E = Time spent auto-exploring this place.
 F = Levels seen in this place.
 G = Mean time per level.
                   A        B        C        D        E       F      G
               +--------+--------+--------+--------+--------+-----+--------+
         Total |  13779 |  13416 |    363 |   4483 |   6957 |  11 | 1252.6 |
       Dungeon |  13574 |  13234 |    340 |   4483 |   6775 |  10 | 1357.4 |
        Temple |    204 |    182 |     22 |      0 |    182 |   1 |  204.0 |
               +--------+--------+--------+--------+--------+-----+--------+

Top non-repeatable levels by time:
     D:2: 2281 daAuts
     D:9: 2119 daAuts
     D:5: 1753 daAuts
     D:8: 1580 daAuts
     D:6: 1440 daAuts
     D:7: 1398 daAuts
     D:3: 974 daAuts
     D:1: 892 daAuts
    D:10: 690 daAuts
     D:4: 442 daAuts
  Temple: 204 daAuts
